 Dungeon Crawl Stone Soup version 0.32-a0-314-g526f7d4993 (webtiles) character file.

Game seed: 18339465146723320696

255 timneilson the Ruffian (level 6, -2/41 HPs)
             Began as an Octopode Shapeshifter on Feb 15, 2024.
             Slain by a jackal (3 damage)
             ... on level 5 of the Dungeon.
             The game lasted 00:03:19 (1786 turns).

timneilson the Ruffian (Octopode Shapeshifter)      Turns: 1786, Time: 00:03:19

Health: -2/41      AC:  1    Str: 16    XL:     6   Next: 15%
Magic:  6/6        EV: 13    Int: 12    God:
Gold:   197        SH:  3    Dex: 11    Spells: 5/5 levels left

rFire   . .          .
                       - Unarmed
rCold   . . .        j - +0 buckler
rNeg    . . .        (helmet currently unavailable)
rPois   .            (no amulet)
rElec   .            (no ring)
rCorr   .            (no ring)
SInv    .            (no ring)
Will    .....        (no ring)
Stlth   +++          (no ring)
HPRegen 0.26/turn    (no ring)
MPRegen 0.10/turn    (no ring)
                     (no ring)

%: no passive effects
@: mighty, brilliant, beast-form
A: beast (slay +2), almost no armour, amphibious, 8 rings, camouflage 1,
gelatinous body 1, (nimble swimmer 1), tentacles
a: Begin Untransformation


You were on level 5 of the Dungeon.
You were a hulking beast.
You visited 1 branch of the dungeon, and saw 4 of its levels.

You collected 197 gold pieces.

Inventory:

Armour
 j - a +0 buckler (worn)
Talismans
 b - a beast talisman (active)
 c - a flux talisman
Scrolls
 d - 2 scrolls of teleportation
 f - 2 scrolls of fog
 i - 3 scrolls of identify
 m - a scroll of butterflies {unknown}
 n - a scroll of immolation {unknown}
Potions
 a - a potion of lignification
 e - a potion of cancellation
 k - a potion of curing {unknown}
 l - a potion of invisibility {unknown}
 o - a potion of mutation {unknown}


   Skills:
 * Level 2.7 Fighting
 * Level 3.3 Dodging
 + Level 2.7 Stealth
 + Level 0.4 Shields
 * Level 4.0 Unarmed Combat
 * Level 3.9 Shapeshifting


You had 5 spell levels left.
You didn't know any spells.
Your spell library contained the following spells:

 Spells                   Type           Power      Damage    Failure   Level
 Stone Arrow              Conj/Erth      0%         3d7       78%         3
 Lehudib's Crystal Spear  Conj/Erth      0%         10d2      100%        8
 Animate Armour           Summ/Erth      Unusable   N/A       N/A         4

Dungeon Overview and Level Annotations

Branches:
Dungeon (3/15)

Altars:

Annotations:
D:3 1 runed translucent door, Newt's ghost, amateur MfGl


Innate Abilities, Weirdness & Mutations

You are a hulking beast.
Your limbs bulge with bestial killing power. (Slay +2)
You cannot wear most types of armour.
You are amphibious.
You can wear up to eight rings at the same time.
Your skin changes colour to match your surroundings (Stealth+).
Your rubbery body absorbs attacks. (AC +1, EV +1)
((You are camouflaged when in or above water. (Stealth+)))
You have tentacles for arms and can constrict up to eight enemies at once.


Message History

You see here a yellow potion.
The centaur shoots an arrow.
The arrow closely misses you.
The centaur unwields a +0 orcbow.
The centaur closely misses you. The centaur kicks you.
The centaur closely misses you. The centaur misses you.
You tentacle-slap the centaur.
The centaur is lightly wounded.
The jackal barely misses you. The centaur hits you.
The centaur kicks you but does no damage.
You bludgeon the centaur! Your squeeze misses the centaur.
The centaur is moderately wounded.
The centaur hits you. You block the centaur's attack. The jackal bites you.
The centaur hits you.
* * * LOW HITPOINT WARNING * * *
The centaur barely misses you. The jackal bites you.
* * * LOW HITPOINT WARNING * * *
You tentacle-slap the centaur.
The centaur is severely wounded.
The centaur hits you.
* * * LOW HITPOINT WARNING * * *
The centaur kicks you.
* * * LOW HITPOINT WARNING * * *
A jackal comes into view.
The jackal barely misses you.
The jackal barks!
You tentacle-slap the centaur. You squeeze the centaur.
You kill the centaur!
You hear a bark!
You block the jackal's attack.
Your Unarmed Combat skill increases to level 4!
You have reached level 6!
You barely miss the jackal. Your grab misses the jackal. The jackal bites you.
* * * LOW HITPOINT WARNING * * *
It was a potion of might.
You feel very mighty all of a sudden. The jackal misses you.
The jackal barely misses you. You block the jackal's attack.
The jackal barely misses you.
It was a potion of brilliance.
You feel clever all of a sudden. The jackal bites you.
You die...

...... #. #. #...#.
#.. #.. .#... ...
#.). ...#.###.# ....#
#.# #<..# # ......
#.# #..####.# #..##.#
#.###$.hh)..#
##...#.##..h..!h....#
....###...###.####.##
#...#.##.# #.# .#
#..#.###.###.# #
#.............
##..#########h#
......# #.#
.#.#..####.....


You could see 3 jackals.

Vanquished Creatures
  A centaur (D:5)
  A bombardier beetle (D:2)
  Jessica (D:2)
  An orc wizard (D:3)
  An adder (D:2)
  A dart slug (D:2)
  3 orcs (D:3)
  7 ball pythons
  9 endoplasms
  3 goblins
  5 hobgoblins
  2 jackals (D:1)
  2 quokkas
  2 bats (D:2)
  6 frilled lizards
  4 kobolds
  2 rats (D:2)
51 creatures vanquished.

Notes
Turn   | Place    | Note
-------+----------+-------------------------------------------
     0 | D:1      | timneilson the Octopode Shapeshifter began the quest for
                  | the Orb.
     0 | D:1      | Reached XP level 1. HP: 13/13 MP: 1/1
    54 | D:1      | Reached XP level 2. HP: 17/18 MP: 2/2
    81 | D:1      | Reached skill level 1 in Stealth
   171 | D:1      | Reached XP level 3. HP: 23/23 MP: 3/3
   806 | D:2      | Found a faded altar of an unknown god.
   893 | D:2      | Reached XP level 4. HP: 23/29 MP: 4/4
  1103 | D:2      | Noticed Jessica
  1115 | D:2      | Killed Jessica
  1116 | D:2      | Reached XP level 5. HP: 16/34 MP: 5/5
  1525 | D:3      | Found a runed translucent door.
  1525 | D:3      | Noticed Newt's ghost (amateur MfGl)
  1756 | D:3      | You fall into a shaft and drop 2 floors!
  1756 | D:5      | Entered Level 5 of the Dungeon
  1770 | D:5      | Noticed a centaur
  1783 | D:5      | Killed a centaur
  1784 | D:5      | Reached skill level 4 in Unarmed Combat
  1784 | D:5      | Reached XP level 6. HP: 3/41 MP: 6/6
  1784 | D:5      | HP: 1/41 [jackal (2)]
  1786 | D:5      | Slain by a jackal

Illustrated notes

Levels and vault maps discovered:
D:1:      nicolae_arrival_washed_ashore, layout_loops_ring
D:2:      layout_rooms, dreamdust_ecumenical_altar_grove,
          hangedman_decor_points, serial_bayou_pond_c, kennysheep_jessica_study
D:3:      layout_loops_cross, general_overflow_altar,
          hellmonk_ghost_happy_afterlife, serial_shops, shop
D:5:      layout_loops_ring, minmay_temple_entry_junction,
          serial_library_hellmonk_u_bend, item_on_display_a

Skill      XL: |  1  2  3  4  5 |
---------------+----------------+-----
Stealth        | 1 2 |  2.7
Fighting       | 2 |  2.7
Dodging        | 3 |  3.3
Unarmed Combat | 4 |  4.0
Shields        | |  0.4
Shapeshifting  | |  3.9

Action                     |  1- 3 |  4- 6 || total
---------------------------+-------+-------++-------
  Melee: Unarmed           |    64 |    38 ||   102
         Constrict         |    15 |     6 ||    21
         Tentacles         |    16 |    11 ||    27
         Punch             |     1 |     2 ||     3
    Use: Scroll            |     5 |     4 ||     9
         Potion            |       |     2 ||     2
   Stab: Sleeping          |     4 |     3 ||     7
 Armour: Skin              |    15 |    23 ||    38
  Dodge: Dodged            |    43 |    23 ||    66
  Block: Buckler           |       |     4 ||     4

Table legend: (Time is in decaauts)
 A = Elapsed time spent in this place.
 B = Non-inter-level travel time spent in this place.
 C = Inter-level travel time spent in this place.
 D = Time resting spent in this place.
 E = Time spent auto-exploring this place.
 F = Levels seen in this place.
 G = Mean time per level.
                   A        B        C        D        E       F      G
               +--------+--------+--------+--------+--------+-----+--------+
         Total |   1779 |   1717 |     62 |    100 |   1178 |   4 |  444.8 |
       Dungeon |   1779 |   1717 |     62 |    100 |   1178 |   4 |  444.8 |
               +--------+--------+--------+--------+--------+-----+--------+

Top non-repeatable levels by time:
     D:2: 811 daAuts
     D:1: 694 daAuts
     D:3: 244 daAuts
     D:5: 29 daAuts
